 Dungeon Crawl Stone Soup version 0.30.0-13-g156ef70053 (webtiles) character file.

Game seed: 4127644665206174893

9 monsoonserge the Vexing (level 2, -1/23 HPs)
             Began as a Meteoran Hexslinger on May 17, 2023.
             Slain by an endoplasm (2 damage)
             ... on level 1 of the Dungeon.
             The game lasted 00:02:09 (184 turns).

monsoonserge the Vexing (Meteoran Hexslinger)        Turns: 184, Time: 00:02:10

Health: -1/23      AC:  2    Str: 11    XL:     2   Next: 41%
Magic:  5/5        EV: 12    Int: 14    God:
Gold:   0          SH:  0    Dex: 14    Spells: 3/4 levels left

rFire   . . .        b - +1 short sword (drain)
rCold   . . .        (no shield)
rNeg    . . .        c - +0 robe
rPois   .            (no helmet)
rElec   .            (no cloak)
rCorr   .            (no gloves)
SInv    .            (no boots)
Will    .....        (no amulet)
Stlth   +            (no ring)
HPRegen 0.23/turn    (no ring)
MPRegen 0.09/turn

%: no passive effects
@: glowing
A: sense surroundings 1, otherworldly, glowing, explore regen
a: no special abilities


You were on level 1 of the Dungeon.
You visited 1 branch of the dungeon, and saw 1 of its levels.

Inventory:

Hand Weapons
 a - a +1 sling
 b - a +1 short sword of draining (weapon)
Armour
 c - a +0 robe (worn)
Scrolls
 f - a scroll of poison
Potions
 d - a potion of haste {unknown}
 e - a potion of heal wounds {unknown}


   Skills:
 + Level 1.3 Fighting
 + Level 2.3 Ranged Weapons
 + Level 2.4 Dodging
 + Level 1.6 Spellcasting
 + Level 4.0 Hexes


You had 3 spell levels left.
You knew the following spells:

 Your Spells              Type           Power      Damage    Failure   Level
a - Slow                  Hex            48%        N/A       4%          1

Your spell library contained the following spells:

 Spells                   Type           Power      Damage    Failure   Level
 Inner Flame              Hex/Fire       6%         N/A       32%         3
 Portal Projectile        Hex/Tloc       12%        N/A       32%         3
 Cause Fear               Hex            6%         N/A       43%         4


Dungeon Overview and Level Annotations

Branches:
Dungeon (1/15) Zot: 411

Altars:


Innate Abilities, Weirdness & Mutations

You passively map a small area around you.
You are easily found by Zot.
You glow in the dark.
You regain HP and MP as you explore.


Message History

You barely miss the quokka. The quokka closely misses you.
The quokka barely misses you.
You closely miss the quokka. The quokka closely misses you.
You closely miss the quokka. The quokka barely misses you.
You barely miss the quokka. You punch the quokka.
The quokka is severely wounded.
The quokka bites you.
You closely miss the quokka.
The quokka is severely wounded.
The quokka bites you.
You miss the quokka.
The quokka is severely wounded.
The quokka bites you. The quokka barely misses you.
You hit the quokka.
You kill the quokka!
a - a +1 sling (weapon)
You see here a giant cockroach corpse.
An endoplasm comes into view.
Found a scroll labelled PADAJYN MOSICA.
The endoplasm quivers.
You shoot a sling bullet.
The sling bullet completely misses the endoplasm.
The endoplasm hits you but does no damage.
The endoplasm freezes you.
You are frozen.
You sense an unholy aura.
b - a +1 short sword of draining (weapon)
You hit the endoplasm.
The endoplasm is lightly wounded.
The endoplasm freezes you.
You are frozen.
* * * LOW HITPOINT WARNING * * *
You hit the endoplasm.
The endoplasm is almost dead.
The endoplasm hits you.
* * * LOW HITPOINT WARNING * * *
You barely miss the endoplasm.
The endoplasm is almost dead.
The endoplasm hits you.
You die...

#..... ,
**##..#..# *
........, ,
*#.....# * *
.....# , ...#
,, #.#####
..#.....# * **
* ..#†###@# ,
..#†# #J# *+ *
*#.#.# #.# ,
....#. #.#.#
#.. , ....#.
#.#.# ### *
....#.####.#.#
.............#
......##.#####
......#..#


You could see an endoplasm.

Vanquished Creatures
  An endoplasm (D:1)
  2 giant cockroaches (D:1)
  A goblin (D:1)
  A kobold (D:1)
  A quokka (D:1)
  2 rats (D:1)
8 creatures vanquished.

Notes
Turn   | Place    | Note
-------+----------+-------------------------------------------
     0 | D:1      | monsoonserge the Meteoran Hexslinger began the quest for
                  | the Orb.
     0 | D:1      | Reached XP level 1. HP: 16/16 MP: 3/3
   137 | D:1      | Reached XP level 2. HP: 23/23 MP: 3/5
   166 | D:1      | Reached skill level 4 in Hexes
   183 | D:1      | HP: 1/23 [endoplasm (3)]
   184 | D:1      | Slain by an endoplasm

Illustrated notes

Levels and vault maps discovered:
D:1:      matt_arrival_refuge, layout_basic, shapermc_ecumenical_altar_acropolis

Skill      XL: |  1  2 |
---------------+-------+-----
Hexes          | 4 |  4.0
Fighting       | |  1.3
Ranged Weapons | |  2.3
Dodging        | |  2.4
Spellcasting   | |  1.6

Action                     || total
---------------------------++-------
  Melee: Short sword       ||    13
         Punch             ||     1
   Fire: Sling             ||    17
   Cast: Slow              ||     3
 Armour: Robe              ||     2
  Dodge: Dodged            ||     8
